 Dungeon Crawl Stone Soup version 0.31-a0-182-gc5ef74bbde (webtiles) character file.

Game seed: 17448622222007808996

93 qw the Chopper (level 4, -2/28 HPs)
             Began as a Gargoyle Fighter on June 20, 2023.
             Killed by divine providence
             ... invoked by an orc priest
              (9 damage)
             ... on level 3 of the Dungeon on June 21, 2023.
             The game lasted 00:01:19 (3012 turns).

qw the Chopper (Gargoyle Fighter)                   Turns: 3012, Time: 00:01:19

Health: -2/28      AC: 18    Str: 21    XL:     4   Next: 62%
Magic:  4/4        EV:  7    Int:  9    God:
Gold:   65         SH:  4    Dex:  9    Spells: 3/3 levels left

rFire   . . .        Y - +2 war axe
rCold   . . .        c - +0 buckler
rNeg    + . .        e - +0 chain mail
rPois   inf          g - +0 helmet
rElec   +            f - +2 cloak
rCorr   .            (no gloves)
SInv    .            l - +0 pair of boots
Will    .....        (no amulet) Stlth
                     (no ring)
HPRegen 0.24/turn    (no ring)
MPRegen 0.09/turn

%: no passive effects
@: about to teleport
A: sickness immunity, AC +3, negative energy resistance 1, electricity
resistance, torment resistance 1, petrification resistance
a: no special abilities


You were on level 3 of the Dungeon.
You visited 1 branch of the dungeon, and saw 3 of its levels.

You collected 65 gold pieces.


Innate Abilities, Weirdness & Mutations

You are immune to sickness and miasma.
Your stone body is resilient. (AC +3)
You are immune to poison.
You resist negative energy. (rN+)
You are resistant to electric shocks. (rElec)
You are resistant to unholy torment.
You are immune to petrification.


   Skills:
 - Level 3.2 Fighting
 + Level 4.2 Axes
 - Level 3.2 Armour
 - Level 3.2 Shields


You had 3 spell levels left.
You didn't know any spells.
Your spell library was empty.

Inventory:

Hand Weapons
 j - a +0 mace
 Y - a +2 war axe (weapon)
Armour
 c - a +0 buckler (worn)
 e - a +0 chain mail (worn)
 f - a +2 cloak (worn)
 g - a +0 helmet (worn)
 l - a +0 pair of boots (worn)
Jewellery
 a - a ring of ice
Potions
 d - 2 potions of might

Dungeon Overview and Level Annotations

Branches:
Dungeon (3/15)

Altars:

Shops:
D:1 *


Message History

You completely miss the rat. The rat closely misses you.
The rat bites you but does no damage.
You hit the rat.
You kill the rat!
You see here a wand of quicksilver (2).
An orc comes into view. It is wielding a +0 flail.
The orc shouts!
An orc comes into view.
It is wielding a +2 war axe of electrocution.
An orc comes into view. It is wielding a +0 club.
Enter note:
Enter note:
Enter note:
3000 ||| Stepping ~*~*~tactically~*~*~ (stealth).
3001 ||| Stepping ~*~*~tactically~*~*~ (stealth).
The orc shouts!
An orc priest comes into view. It is wielding a +0 mace.
The orc priest shouts!
The orc priest invokes the aid of Beogh against you.
Beogh smites you!
You barely miss the orc. The orc barely misses you.
You slash the orc!
You kill the orc!
You see here a +0 flail.
You slash the orc!
You kill the orc!
The orc priest begins to cast a cantrip, but forgets the words!
The orc hits you with a +2 war axe of electrocution.
You closely miss the orc.
The orc hits you with a +2 war axe of electrocution.
You slash the orc!
You kill the orc!
The orc priest calls down the wrath of Beogh upon you.
Pain shoots through your body!
3012 ||| READING scroll of teleportation.
As you read the scroll of teleportation, it crumbles to dust.
You feel strangely unstable.
The orc priest invokes the aid of Beogh against you.
Beogh smites you!
You die...

#.### #.# #.#
# #.# ##. #.#
.... #.# .....
#.#
......######.#
.....o)@.....#
......########
#####


You could see an orc priest.

Vanquished Creatures
  Robin (D:2)
  A worm (D:2)
  2 dart slugs
  3 orcs (D:3)
  4 ball pythons
  7 endoplasms
  A giant cockroach (D:1)
  12 goblins
  9 hobgoblins
  5 kobolds
  2 quokkas
  9 bats
  5 frilled lizards
  6 rats
67 creatures vanquished.

Notes
Turn   | Place    | Note
-------+----------+-------------------------------------------
     0 | D:1      | qw the Gargoyle Fighter began the quest for the Orb.
     0 | D:1      | Reached XP level 1. HP: 14/14 MP: 1/1
     0 | D:1      | 0 ||| qw: Version: 0.3-a-9-g12657ce
     0 | D:1      | 0 ||| qw: Game counter: 1513
     0 | D:1      | 0 ||| qw: Always use a shield: true
     0 | D:1      | 0 ||| qw: God list: Okawaru
     0 | D:1      | 0 ||| qw: Allow faded altars: false
     0 | D:1      | 0 ||| qw: Do Orc after D:15 true
     0 | D:1      | 0 ||| qw: Do second Lair branch before Depths: true
     0 | D:1      | 0 ||| qw: Lair rune preference: random
     0 | D:1      | 0 ||| qw: Plans: Normal, Zot:1-4, Slime:5, God:TSO, Crypt,
                  | Tomb, Abyss, Pan, Hells, Win
     0 | D:1      | 0 ||| PLANNING D:1-11
    37 | D:1      | Found Daamnox's Assorted Antiques.
    46 | D:1      | 46 ||| SHOPLISTING purple potion (19 gold, have 0).
    46 | D:1      | 46 ||| SHOPLISTING scroll labelled HYOTRUNAMI (22 gold,
                  | have 0).
    46 | D:1      | 46 ||| SHOPLISTING scroll labelled LURAOL IHATWU (22 gold,
                  | have 0).
    56 | D:1      | Reached skill level 2 in Axes
   146 | D:1      | Reached XP level 2. HP: 19/19 MP: 2/2
   400 | D:1      | 400 ||| DROPPING +0 club.
   454 | D:1      | 454 ||| Stepping ~*~*~tactically~*~*~ (hiding).
   457 | D:1      | 457 ||| Stepping ~*~*~tactically~*~*~ (hiding).
   458 | D:1      | 458 ||| Stepping ~*~*~tactically~*~*~ (hiding).
   652 | D:1      | Reached skill level 3 in Axes
   789 | D:1      | Reached XP level 3. HP: 18/23 MP: 3/3
  1371 | D:1      | 1371 ||| UPGRADING to +0 chain mail.
  1381 | D:1      | 1381 ||| DROPPING +0 scale mail.
  1382 | D:1      | 1382 ||| UPGRADING to +2 cloak.
  1387 | D:1      | 1387 ||| UPGRADING to +0 pair of boots.
  1392 | D:1      | 1392 ||| DROPPING +6 ring of intelligence.
  1393 | D:1      | 1393 ||| READING scroll labelled JALEITHR BUAS.
  1394 | D:1      | 1394 ||| READING scroll labelled TUISHR ASTRUGHA.
  1395 | D:1      | 1395 ||| READING scroll labelled HYOTRUNAMI.
  1553 | D:2      | 1553 ||| Stepping ~*~*~tactically~*~*~ (stealth).
  1560 | D:2      | 1560 ||| Stepping ~*~*~tactically~*~*~ (stealth).
  1584 | D:2      | 1584 ||| READING scroll of enchant weapon.
  1584 | D:2      | 1584 ||| ENCHANTING +1 war axe.
  1811 | D:2      | Found a faded altar of an unknown god.
  1912 | D:2      | 1912 ||| Stepping ~*~*~tactically~*~*~ (hiding).
  1925 | D:2      | Reached XP level 4. HP: 25/28 MP: 4/4
  1943 | D:2      | Noticed Robin
  1944 | D:2      | 1944 ||| Stepping ~*~*~tactically~*~*~ (stealth).
  1966 | D:2      | 1966 ||| Stepping ~*~*~tactically~*~*~ (hiding).
  1976 | D:2      | Killed Robin
  1977 | D:2      | Reached skill level 4 in Axes
  2014 | D:2      | 2014 ||| Stepping ~*~*~tactically~*~*~ (stealth).
  2714 | D:2      | 2714 ||| UPGRADING to +0 helmet.
  2719 | D:2      | 2719 ||| READING scroll labelled JAMAUBR NAWKA.
  3000 | D:3      | 3000 ||| Stepping ~*~*~tactically~*~*~ (stealth).
  3001 | D:3      | 3001 ||| Stepping ~*~*~tactically~*~*~ (stealth).
  3011 | D:3      | HP: 7/28 [orc priest/nerve-wracking pain (5)]
  3012 | D:3      | 3012 ||| READING scroll of teleportation.
  3012 | D:3      | Killed from afar by an orc priest

Levels and vault maps discovered:
D:1:      psy_arrival_radial01, layout_basic, serial_shops,
          nicolae_shop_pleasant_corner_grove, minmay_hedge_maze,
          lemuel_flame_loot_1
D:2:      layout_basic, hellmonk_ecumenical_altar_leap_of_faith,
          minmay_misc_feat_secret_circle, grunt_ministairs_4, uniq_robin
D:3:      layout_loops_corners

Skill      XL: |  1  2  3  4 |
---------------+-------------+-----
Axes           | 2 3 4 |  4.2
Fighting       | |  3.2
Armour         | |  3.2
Shields        | |  3.2

Action                     |  1- 3 |  4- 6 || total
---------------------------+-------+-------++-------
  Melee: War axe           |   144 |    54 ||   198
    Use: Scroll            |     4 |     2 ||     6
 Armour: Scale mail        |    50 |       ||    50
         Chain mail        |    35 |    28 ||    63
  Dodge: Dodged            |    57 |    15 ||    72
  Block: Buckler           |    21 |     6 ||    27

Table legend:
 A = Non-vault XP
 B = Vault XP
 C = Vault XP percentage of total XP
 D = Non-vault monster count
 E = Vault monster count
 F = Vault count percentage of total count
                 A         B        C        D         E       F
            +---------+---------+-------+---------+---------+-------
      Total |     100 |      34 |  25.4 |      55 |      12 |  17.9
            +---------+---------+-------+---------+---------+-------
        D:1 |      41 |       0 |   0.0 |      24 |       0 |   0.0
        D:2 |      48 |      34 |  41.5 |      26 |      12 |  31.6
        D:3 |      11 |       0 |   0.0 |       5 |       0 |   0.0
            +---------+---------+-------+---------+---------+-------
